 Dungeon Crawl Stone Soup version 0.21.1-1-g345015f (webtiles) character file.

83 CasualChangeling the Bolt Thrower (level 4, 0/27 HPs)
             Began as a Kobold Hunter on Feb 9, 2018.
             Killed by divine providence
             ... invoked by an orc priest
              (8 damage)
             ... on level 2 of the Dungeon.
             The game lasted 00:01:46 (1137 turns).

CasualChangeling the Bolt Thrower (Kobold Hunter)   Turns: 1137, Time: 00:01:46

Health: 0/27       AC:  3    Str:  9    XL:     4   Next: 71%
Magic:  4/4        EV: 15    Int: 12    God:
Gold:   85         SH:  0    Dex: 16    Spells: 3/3 levels left

rFire    . . .     SeeInvis .   b - +0 short sword
rCold    . . .     Gourm    .   (shield restricted)
rNeg     . . .     Faith    .   c - +0 leather armour
rPois    .         Spirit   .   (no helmet)
rElec    .         Reflect  .   (no cloak)
rCorr    .         Harm     .   (no gloves)
MR       .....                  (no boots)
Stlth    ++........             (no amulet)
HPRegen  0.09/turn              (no ring)
MPRegen  0.09/turn              (no ring)

@: no status effects
A: small, carnivore
a: no special abilities


You were on level 2 of the Dungeon.
You were completely stuffed.

You visited 1 branch of the dungeon, and saw 2 of its levels.

You collected 85 gold pieces.

Inventory:

Hand Weapons
 a - a +1 hand crossbow
 b - a +0 short sword (weapon)
Missiles
 d - 4 bolts
Armour
 c - a +0 leather armour (worn)
Jewellery
 l - an uncursed amulet of magic regeneration {unknown}
Scrolls
 e - a scroll of identify {unknown}
 j - a scroll of magic mapping {unknown}
 k - a scroll of random uselessness {unknown}
 m - a scroll of blinking {unknown}
Potions
 g - 2 potions of curing {unknown}
 i - a potion of flight {unknown}
Comestibles
 f - 4 rations
 h - 5 chunks of flesh


   Skills:
 + Level 2.7 Fighting
 + Level 0.4 Short Blades
 + Level 6.3 Crossbows
 + Level 0.5 Armour
 + Level 2.9 Dodging
 + Level 1.4 Stealth


You had 3 spell levels left.
You didn't know any spells.

Dungeon Overview and Level Annotations

Branches:
Dungeon (2/15)

Altars:
Gozag
Zin


Innate Abilities, Weirdness & Mutations

You are small and have problems with some larger weapons.
You are carnivorous and can eat meat at any time.


Message History

Ouch! That really hurt!
You hit the orc priest but do no damage.
The orc priest is heavily wounded.
The orc priest closely misses you.
You hit the orc priest.
The orc priest is heavily wounded.
The orc priest looks satisfied for a moment.
The orc priest miscasts a cantrip.
You closely miss the orc priest.
The orc priest is heavily wounded.
The orc priest barely misses you.
You hit the orc priest but do no damage.
The orc priest is heavily wounded.
The orc priest hits you with a whip.
* * * LOW HITPOINT WARNING * * *
You barely miss the orc priest.
The orc priest is heavily wounded.
The orc priest invokes the aid of Beogh against you.
Beogh smites you!
You die...

#. #. # ##'# ..
##...## ...
##.....## .#..
##.......## ..(..
#.......†.##......
+.........@og.....
#.........##..(...
#.......## .....
##.....## ..o(
##...## ##.
##...## ##.###.##
###.# ##.#######.
... #.........


You could see an orc priest, an orc (wandering) and a hobgoblin.

Vanquished Creatures
  An orc wizard (D:2)
  A gnoll (D:1)
  A worm (D:2)
  A dart slug (D:1)
  An orc (D:1)
  A ball python (D:1)
  A giant cockroach (D:2)
  5 goblins (D:1)
  9 hobgoblins
  4 jackals (D:2)
  5 bats
  3 frilled lizards
  5 kobolds
  3 rats
41 creatures vanquished.

Notes
Turn   | Place    | Note
-------+----------+-------------------------------------------
     0 | D:1      | CasualChangeling the Kobold Hunter began the quest for the Orb.
     0 | D:1      | Reached XP level 1. HP: 12/12 MP: 1/1
    31 | D:1      | Reached skill level 5 in Crossbows
    31 | D:1      | Reached XP level 2. HP: 17/17 MP: 2/2
   197 | D:1      | Reached XP level 3. HP: 22/22 MP: 3/3
   583 | D:1      | Reached skill level 6 in Crossbows
   658 | D:2      | Found a glowing silver altar of Zin.
   659 | D:2      | Found an opulent altar of Gozag.
   726 | D:2      | Reached XP level 4. HP: 10/27 MP: 4/4
  1137 | D:2      | Killed from afar by an orc priest

Skill      XL: |  1  2  3 |
---------------+----------+-----
Crossbows      | 5 6 |  6.3
Fighting       | |  2.7
Short Blades   | |  0.4
Armour         | |  0.5
Dodging        | |  2.9
Stealth        | |  1.4

Action                   |  1- 3 |  4- 6 || total
-------------------------+-------+-------++-------
Melee: Short sword       |    14 |    22 ||    36
 Fire: Hand crossbow     |    78 |    16 ||    94
  Eat: Chunk             |     8 |     1 ||     9
Armor: Leather armour    |     3 |     7 ||    10
Dodge: Dodged            |    19 |    21 ||    40
